Jets vs Flyers

Created - February 8, 2024 at 22:00

Goals
1 2 3 T
Jets 1 1 0 2
Flyers 0 1 3 4
Shots
1 2 3 T
Jets 7 8 10 25
Flyers 8 11 13 32

1st period

1. Jets , Mitchell Marner 16 (TJ Brodie 18, Matt Dumba 21) at 0:24

Penalties :
Travis Sanheim (PHI) for Holding (Minor) at 0:46, Liam O'Brien (WIN) for High sticking (Minor) at 17:42, Garnet Hathaway (WIN) for Tripping (Minor) at 18:46

2nd period

2. Jets , Jack Eichel 21 (Matt Dumba 22, Joseph Woll) at 2:02
3. Flyers , David Krejci 4 (Anthony Duclair 4, Robert Hagg 6) at 5:34

Penalties :
Radko Gudas (PHI) for Hooking (Minor) at 6:17, Arber Xhekaj (WIN) for Roughing (Minor) at 8:47

3rd period

4. Flyers , Alex Killorn 15 (Artemi Panarin 23, Moritz Seider 37) at 15:33 (PP)
5. Flyers , Moritz Seider 6 (William Karlsson 15, Ryan Hartman 14) at 17:27
6. Flyers , Alex Killorn 16 (Boone Jenner 24, Artemi Panarin 24) at 19:44 (Empty Net)

Penalties :
Matt Dumba (WIN) for Goalie Interference (Minor) at 0:19, Carl Grundstrom (WIN) for Holding (Minor) at 12:47, Joseph Woll (WIN) for Delaying the game (Minor) at 14:40 - Logan Brown served the penalty.

Goalie Stats

Joseph Woll (WIN), 28 saves from 31 shots - (0.903), L, 5-9-2, 59:16 minutes
Ilya Sorokin (PHI), 23 saves from 25 shots - (0.920), W, 28-23-1, 60:00 minutes

Players Stats for Jets

Player Name              G  A  P  +/- PIM S  H  SB GA TA FO     MP     PP MP  PK MP  
------------------------------------------------------------------------------------
Aleksi Heponiemi         0  0  0   1  0   0  0  0  0  0  0/2    13:08   0:00   1:44 
Arber Xhekaj             0  0  0  -2  2   0  3  1  0  0  0/0    14:48   0:00   1:07 
Carl Grundstrom          0  0  0   1  2   1  1  0  0  0  0/1    15:11   0:00   4:23 
Garnet Hathaway          0  0  0  -1  2   2  2  0  0  0  0/1    14:44   1:19   1:43 
Jack Eichel              1  0  1   0  0   4  3  0  0  0  7/16   14:49   2:39   0:14 
Jake Bean                0  0  0   0  0   1  0  1  0  0  0/0    19:28   1:19   4:58 
Jonathan Drouin          0  0  0  -1  0   2  0  0  0  0  8/21   13:48   1:19   0:47 
Liam O'Brien             0  0  0  -1  2   1  3  0  0  0  0/1    12:24   0:00   0:37 
Logan Brown              0  0  0  -2  0   0  0  0  0  0  10/27  17:09   0:00   4:49 
Matt Dumba               0  2  2   1  2   0  1  2  0  0  0/0    25:12   2:39   3:12 
Mikhail Maltsev          0  0  0   1  0   1  2  0  0  0  8/12   13:52   0:00   3:03 
Mitchell Marner          1  0  1   0  0   6  2  0  0  0  1/2    14:00   2:39   0:00 
Patric Hornqvist         0  0  0  -1  0   2  0  0  0  0  0/1    11:48   0:00   0:00 
Philip Broberg           0  0  0  -2  0   0  0  0  0  0  0/0    14:49   0:00   1:07 
TJ Brodie                0  1  1   1  0   2  0  2  0  0  0/0    26:13   2:39   4:12 
Travis Dermott           0  0  0   0  0   0  3  10 0  0  0/0    19:28   1:19   4:58 
William Nylander         0  0  0  -1  0   2  0  0  0  0  0/2    14:21   2:39   0:00 
Yegor Chinakhov          0  0  0   1  0   1  0  0  0  0  0/0    13:55   1:19   1:12 

Players Stats for Flyers

Player Name              G  A  P  +/- PIM S  H  SB GA TA FO     MP     PP MP  PK MP  
------------------------------------------------------------------------------------
Alex Killorn             2  0  2   0  0   4  0  0  0  0  0/2    17:52   5:34   1:20 
Anthony Duclair          0  1  1   1  0   1  3  0  0  0  1/1    12:07   0:00   0:00 
Artemi Panarin           0  2  2   0  0   5  1  1  0  0  0/0    16:32   5:34   0:00 
Blake Wheeler            0  0  0   0  0   3  2  0  0  0  10/23  18:03   4:13   2:38 
Boone Jenner             0  1  1   0  0   3  4  0  0  0  16/23  19:10   5:34   2:38 
Brandon Tanev            0  0  0   0  0   0  0  0  0  0  0/0    11:58   0:00   0:00 
David Krejci             1  0  1   1  0   1  0  0  0  0  10/17  12:07   0:00   0:00 
Johnathan Kovacevic      0  0  0   0  0   1  0  0  0  0  0/0    15:08   0:00   0:41 
Morgan Frost             0  0  0   1  0   1  2  0  0  0  0/0    12:07   0:00   0:00 
Moritz Seider            1  1  2   1  0   1  0  0  0  0  0/0    24:46   5:07   2:36 
Patrick Kane             0  0  0   0  0   3  1  0  0  0  1/2    16:45   4:13   1:20 
Radko Gudas              0  0  0   1  2   0  1  0  0  0  0/0    23:59   5:07   1:20 
Robert Hagg              0  1  1   0  0   0  5  1  0  0  0/0    14:57   0:00   0:00 
Ryan Hartman             0  1  1   0  0   2  0  0  0  0  0/0    11:58   0:00   0:00 
Travis Sanheim           0  0  0   0  2   2  1  0  0  0  0/0    19:35   4:40   0:41 
Trevor Moore             0  0  0   0  0   0  0  0  0  0  0/0    15:25   4:13   0:00 
William Karlsson         0  1  1   0  0   3  0  0  0  0  14/18  11:58   0:00   0:00 
Zachary Werenski         0  0  0   0  0   2  0  0  0  0  0/0    21:33   4:40   2:38 

3 Stars

1 - Alex Killorn (PHI)
2 - Moritz Seider (PHI)
3 - David Krejci (PHI)

Power Play

Jets - 0 on 2 Attempt(s) - 0.00%
Flyers - 1 on 6 Attempt(s) - 16.67%

Penalty Kill

Jets - 5 on 6 Attempt(s) - 83.33% - Score 0 goal in Penalty Kill
Flyers - 2 on 2 Attempt(s) - 100.00% - Score 0 goal in Penalty Kill

Team Stat

Jets - Hits : 20 - Faceoff Wins : 34 - Blocked Shots : 16 - Penalty Minutes : 12
Flyers - Hits : 20 - Faceoff Wins : 52 - Blocked Shots : 2 - Penalty Minutes : 4

Official

Referees : Justin Kea and Brandon Schrader
Linesman : Trent Knorr and Dan Kelly

Game Notes

Alex Killorn has scored in a empty net!

Finance

Level 1 -- Attendance: 6000 (100.00%) -- Ticket Income $510,000
Level 2 -- Attendance: 5000 (100.00%) -- Ticket Income $225,000
Level 3 -- Attendance: 2000 (100.00%) -- Ticket Income $80,000
Level 4 -- Attendance: 4000 (100.00%) -- Ticket Income $140,000
Luxury Box -- Attendance: 1000 (100.00%) -- Ticket Income $100,000
Game was played at the Wachovia Center.
Total Attendance: 18000 (100.00%)
Total Ticket Income: $1,055,000
Other Income: $516,950
Total Income: $1,571,950

Jets

5 vs 5 Forward 
   Center                   Left Wing                Right Wing               Time % Phy DF OF 
 1 Mikhail Maltsev          Carl Grundstrom          Mitchell Marner          25     1   2  2  
 2 Jonathan Drouin          Garnet Hathaway          William Nylander         25     1   2  2  
 3 Jack Eichel              Aleksi Heponiemi         Yegor Chinakhov          25     1   2  2  
 4 Logan Brown              Liam O'Brien             Patric Hornqvist         25     1   2  2  

5 vs 5 Defense 
   Defense                  Defense                                           Time % Phy DF OF 
 1 TJ Brodie                Matt Dumba                                        25     1   2  2  
 2 Jake Bean                Travis Dermott                                    25     1   2  2  
 3 Philip Broberg           Arber Xhekaj                                      25     1   2  2  
 4 TJ Brodie                Matt Dumba                                        25     1   2  2  

PowerPlay Forward 
   Center                   Left Wing                Right Wing               Time % Phy DF OF 
 1 Jack Eichel              William Nylander         Mitchell Marner          60     1   2  2  
 2 Jonathan Drouin          Garnet Hathaway          Yegor Chinakhov          40     1   2  2  

PowerPlay Defense
   Defense                  Defense                                           Time % Phy DF OF 
 1 TJ Brodie                Matt Dumba                                        60     1   2  2  
 2 Jake Bean                Travis Dermott                                    40     1   2  2  

Penalty Kill 4 Players Forward 
   Center                   Wing                     Time % Phy DF OF 
 1 Logan Brown              Carl Grundstrom          60     1   2  2  
 2 Aleksi Heponiemi         Garnet Hathaway          40     1   2  2  

Penalty Kill 4 Players Defense
   Defense                  Defense                  Time % Phy DF OF 
 1 TJ Brodie                Matt Dumba               60     1   2  2  
 2 Jake Bean                Travis Dermott           40     1   2  2  

Penalty Kill - 3 Players Forward 
   Forward                                           Time % Phy DF OF 
 1 Carl Grundstrom                                   60     1   2  2  
 2 Garnet Hathaway                                   40     1   2  2  

Penalty Kill - 3 Players Defense
   Defense                  Defense                  Time % Phy DF OF 
 1 TJ Brodie                Matt Dumba               60     1   2  2  
 2 Jake Bean                Travis Dermott           40     1   2  2  

4 vs 4 Forward 
   Center                   Wing                     Time % Phy DF OF 
 1 Logan Brown              Carl Grundstrom          60     1   2  2  
 2 Aleksi Heponiemi         Garnet Hathaway          40     1   2  2  

4 vs 4 Defense
   Defense                  Defense                  Time % Phy DF OF 
 1 TJ Brodie                Matt Dumba               60     1   2  2  
 2 Jake Bean                Travis Dermott           40     1   2  2  

Last Minutes Offensive
   Center                   Left Wing                Right Wing               Defense                  Defense                  
   Jack Eichel              William Nylander         Mitchell Marner          TJ Brodie                Matt Dumba               

Last Minutes Defensive
   Center                   Left Wing                Right Wing               Defense                  Defense                  
   Jack Eichel              William Nylander         Mitchell Marner          TJ Brodie                Matt Dumba               

Goaltenders
Starting : Joseph Woll              
Backup : Ivan Prosvetov           

Extra Forwards
Normal : Logan Brown, Carl Grundstrom, Mikhail Maltsev - PP : Logan Brown, Carl Grundstrom - PK : Mikhail Maltsev
Extra Defensemen
Normal : Philip Broberg, Arber Xhekaj, Jake Bean - PP : Philip Broberg - PK : Arber Xhekaj, Jake Bean
Penalty Shots
Mitchell Marner, William Nylander, Jack Eichel, Jonathan Drouin, Garnet Hathaway
Custom OT Lines Forwards
Mitchell Marner, William Nylander, Jack Eichel, Jonathan Drouin, Garnet Hathaway, Yegor Chinakhov, Carl Grundstrom, Mikhail Maltsev, Patric Hornqvist, Liam O'Brien
Custom OT Lines Defensemen
TJ Brodie, Matt Dumba, Jake Bean, Travis Dermott, Philip Broberg

Scratches
Samuel Montembeault (Healthy)

Flyers

5 vs 5 Forward 
   Center                   Left Wing                Right Wing               Time % Phy DF OF 
 1 Boone Jenner             Artemi Panarin           Alex Killorn             25     1   2  2  
 2 Blake Wheeler            Trevor Moore             Patrick Kane             25     1   2  2  
 3 William Karlsson         Brandon Tanev            Ryan Hartman             25     1   2  2  
 4 David Krejci             Anthony Duclair          Morgan Frost             25     1   2  2  

5 vs 5 Defense 
   Defense                  Defense                                           Time % Phy DF OF 
 1 Moritz Seider            Radko Gudas                                       25     1   2  2  
 2 Zachary Werenski         Travis Sanheim                                    25     1   2  2  
 3 Robert Hagg              Johnathan Kovacevic                               25     1   2  2  
 4 Moritz Seider            Radko Gudas                                       25     1   2  2  

PowerPlay Forward 
   Center                   Left Wing                Right Wing               Time % Phy DF OF 
 1 Boone Jenner             Artemi Panarin           Alex Killorn             60     1   2  2  
 2 Blake Wheeler            Trevor Moore             Patrick Kane             40     1   2  2  

PowerPlay Defense
   Defense                  Defense                                           Time % Phy DF OF 
 1 Moritz Seider            Radko Gudas                                       60     1   2  2  
 2 Zachary Werenski         Travis Sanheim                                    40     1   2  2  

Penalty Kill 4 Players Forward 
   Center                   Wing                     Time % Phy DF OF 
 1 Blake Wheeler            Boone Jenner             60     1   2  2  
 2 Alex Killorn             Patrick Kane             40     1   2  2  

Penalty Kill 4 Players Defense
   Defense                  Defense                  Time % Phy DF OF 
 1 Moritz Seider            Radko Gudas              60     1   2  2  
 2 Zachary Werenski         Travis Sanheim           40     1   2  2  

Penalty Kill - 3 Players Forward 
   Forward                                           Time % Phy DF OF 
 1 Alex Killorn                                      60     1   2  2  
 2 Boone Jenner                                      40     1   2  2  

Penalty Kill - 3 Players Defense
   Defense                  Defense                  Time % Phy DF OF 
 1 Moritz Seider            Radko Gudas              60     1   2  2  
 2 Zachary Werenski         Travis Sanheim           40     1   2  2  

4 vs 4 Forward 
   Center                   Wing                     Time % Phy DF OF 
 1 William Karlsson         Boone Jenner             60     1   2  2  
 2 Alex Killorn             Patrick Kane             40     1   2  2  

4 vs 4 Defense
   Defense                  Defense                  Time % Phy DF OF 
 1 Moritz Seider            Radko Gudas              60     1   2  2  
 2 Zachary Werenski         Travis Sanheim           40     1   2  2  

Last Minutes Offensive
   Center                   Left Wing                Right Wing               Defense                  Defense                  
   Boone Jenner             Artemi Panarin           Alex Killorn             Moritz Seider            Radko Gudas              

Last Minutes Defensive
   Center                   Left Wing                Right Wing               Defense                  Defense                  
   Boone Jenner             Artemi Panarin           Alex Killorn             Moritz Seider            Radko Gudas              

Goaltenders
Starting : Ilya Sorokin             
Backup : Daniil Tarasov           

Extra Forwards
Normal : Morgan Frost, William Karlsson, David Krejci - PP : Morgan Frost, William Karlsson - PK : David Krejci
Extra Defensemen
Normal : Robert Hagg, Moritz Seider, Zachary Werenski - PP : Robert Hagg - PK : Radko Gudas, Zachary Werenski
Penalty Shots
Morgan Frost, Boone Jenner, Alex Killorn, Patrick Kane, Blake Wheeler
Custom OT Lines Forwards
Artemi Panarin, Boone Jenner, Alex Killorn, Patrick Kane, Blake Wheeler, William Karlsson, David Krejci, Morgan Frost, Ryan Hartman, Trevor Moore
Custom OT Lines Defensemen
Moritz Seider, Radko Gudas, Zachary Werenski, Travis Sanheim, Robert Hagg

Scratches
Nick Seeler (Healthy)

% Time on Ice - Jets

Lines # - Real PCT - Wanted PCT - Time Play
Normal Forward
1 - 24% - 25% - 10:49
2 - 26% - 25% - 11:42
3 - 25% - 25% - 11:24
4 - 26% - 25% - 11:48
Normal Defense
1 - 19% - 25% - 8:47
2 - 29% - 25% - 13:11
3 - 30% - 25% - 13:42
4 - 22% - 25% - 10:03
PP Forward
1 - 67% - 60% - 2:39
2 - 33% - 40% - 1:19
PP Defense
1 - 67% - 60% - 2:39
2 - 33% - 40% - 1:19
PK Forward
1 - 80% - 60% - 7:02
2 - 20% - 40% - 1:44
PK Defense
1 - 46% - 60% - 4:00
2 - 54% - 40% - 4:46
PK3 Forward
1 - 30% - 60% - 0:18
2 - 70% - 40% - 0:43
PK3 Defense
1 - 80% - 60% - 0:49
2 - 20% - 40% - 0:12
44 Forward
1 - 0% - 60%
2 - 0% - 40%
44 Defense
1 - 0% - 60%
2 - 0% - 40%
Last Minute Offensive  - 0:32
Last Minute Defensive  - 0:00
Total
Forward - 60:00
Defense - 60:00

% Time on Ice - Flyers

Lines # - Real PCT - Wanted PCT - Time Play
Normal Forward
1 - 23% - 25% - 10:38
2 - 24% - 25% - 11:12
3 - 26% - 25% - 11:58
4 - 26% - 25% - 12:07
Normal Defense
1 - 17% - 25% - 7:51
2 - 31% - 25% - 14:15
3 - 31% - 25% - 14:27
4 - 20% - 25% - 9:22
PP Forward
1 - 57% - 60% - 5:34
2 - 43% - 40% - 4:13
PP Defense
1 - 52% - 60% - 5:07
2 - 48% - 40% - 4:40
PK Forward
1 - 66% - 60% - 2:38
2 - 34% - 40% - 1:20
PK Defense
1 - 66% - 60% - 2:38
2 - 34% - 40% - 1:20
PK3 Forward
1 - 0% - 60%
2 - 0% - 40%
PK3 Defense
1 - 0% - 60%
2 - 0% - 40%
44 Forward
1 - 0% - 60%
2 - 0% - 40%
44 Defense
1 - 0% - 60%
2 - 0% - 40%
Last Minute Offensive  - 0:00
Last Minute Defensive  - 0:20
Total
Forward - 60:00
Defense - 60:00

Play-by-Play

1st period


0:01 of 1st period - Boone Jenner wins face-off versus Mikhail Maltsev in neutral zone.
0:18 of 1st period - Shot by Mitchell Marner.
0:18 of 1st period - Shot Blocked by Artemi Panarin.
0:20 of 1st period - Shot by Mitchell Marner.
0:20 of 1st period - Shot Hit the Post.
0:24 of 1st period - Shot by Mitchell Marner.
0:24 of 1st period - Goal by Mitchell Marner - Jets : 1 - Flyers : 0.
0:25 of 1st period - Blake Wheeler wins face-off versus Garnet Hathaway in neutral zone.
0:45 of 1st period - Shot by Jonathan Drouin.
0:45 of 1st period - Shot Misses the Net.
0:46 of 1st period - Minor Penalty to Travis Sanheim for Holding.
0:47 of 1st period - Blake Wheeler wins face-off versus Jack Eichel in Flyers zone.
0:47 of 1st period - Blake Wheeler is hit by Jack Eichel.
1:13 of 1st period - Shot by Jack Eichel.
1:13 of 1st period - Deflect By Mitchell Marner.
1:13 of 1st period - Stopped by Ilya Sorokin without a rebound.
1:14 of 1st period - Jonathan Drouin wins face-off versus Alex Killorn in Flyers zone.
1:28 of 1st period - Shot by Jonathan Drouin.
1:28 of 1st period - Shot Misses the Net.
1:30 of 1st period - Shot by Yegor Chinakhov.
1:30 of 1st period - Stopped by Ilya Sorokin without a rebound.
1:31 of 1st period - Blake Wheeler wins face-off versus Jack Eichel in Flyers zone.
2:41 of 1st period - Shot by Boone Jenner.
2:41 of 1st period - Shot Blocked by Travis Dermott.
3:45 of 1st period - Shot by Ryan Hartman.
3:45 of 1st period - Shot Misses the Net.
4:04 of 1st period - Shot by Mitchell Marner.
4:04 of 1st period - Deflect By Carl Grundstrom.
4:04 of 1st period - Shot Misses the Net.
5:00 of 1st period - Jack Eichel is hit by Radko Gudas and loses puck.
5:17 of 1st period - Shot by William Nylander.
5:17 of 1st period - Stopped by Ilya Sorokin without a rebound.
5:18 of 1st period - Jonathan Drouin wins face-off versus Blake Wheeler in Flyers zone.
5:19 of 1st period - Shot by William Nylander.
5:19 of 1st period - Shot Misses the Net.
5:48 of 1st period - Shot by Blake Wheeler.
5:48 of 1st period - Deflect By Patrick Kane.
5:48 of 1st period - Shot Misses the Net.
5:50 of 1st period - Shot by Johnathan Kovacevic.
5:50 of 1st period - Stopped by Joseph Woll without a rebound.
5:51 of 1st period - David Krejci wins face-off versus Logan Brown in Jets zone.
5:55 of 1st period - Icing by Philip Broberg.
5:56 of 1st period - Logan Brown wins face-off versus William Karlsson in Jets zone.
6:05 of 1st period - Shot by Liam O'Brien.
6:05 of 1st period - Shot Misses the Net.
6:54 of 1st period - Off-side.
6:55 of 1st period - David Krejci wins face-off versus Jonathan Drouin in neutral zone.
7:24 of 1st period - Shot by David Krejci.
7:24 of 1st period - Shot Misses the Net.
8:25 of 1st period - Yegor Chinakhov is hit by Robert Hagg and loses puck.
8:42 of 1st period - Shot by Blake Wheeler.
8:42 of 1st period - Stopped by Joseph Woll with a rebound.
9:21 of 1st period - Shot by Boone Jenner.
9:21 of 1st period - Stopped by Joseph Woll without a rebound.
9:22 of 1st period - Logan Brown wins face-off versus William Karlsson in Jets zone.
9:38 of 1st period - Icing by Zachary Werenski.
9:39 of 1st period - William Karlsson wins face-off versus William Nylander in Flyers zone.
10:02 of 1st period - Shot by Jonathan Drouin.
10:02 of 1st period - Stopped by Ilya Sorokin without a rebound.
10:03 of 1st period - Mitchell Marner wins face-off versus Blake Wheeler in Flyers zone.
10:10 of 1st period - Shot by Mitchell Marner.
10:10 of 1st period - Stopped by Ilya Sorokin with a rebound.
10:24 of 1st period - Shot by Patrick Kane.
10:24 of 1st period - Stopped by Joseph Woll without a rebound.
10:25 of 1st period - Boone Jenner wins face-off versus Jack Eichel in Jets zone.
10:36 of 1st period - Shot by Boone Jenner.
10:36 of 1st period - Shot Misses the Net.
10:38 of 1st period - Shot by Radko Gudas.
10:38 of 1st period - Shot Blocked by Travis Dermott.
12:00 of 1st period - Travis Sanheim is hit by Mikhail Maltsev and loses puck.
12:04 of 1st period - Icing by Travis Sanheim.
12:05 of 1st period - David Krejci wins face-off versus Logan Brown in Flyers zone.
12:42 of 1st period - Shot by Anthony Duclair.
12:42 of 1st period - Shot Misses the Net.
13:19 of 1st period - Shot by Ryan Hartman.
13:19 of 1st period - Stopped by Joseph Woll without a rebound.
13:20 of 1st period - Mikhail Maltsev wins face-off versus Boone Jenner in Jets zone.
13:59 of 1st period - Boone Jenner is hit by Carl Grundstrom.
14:10 of 1st period - Icing by Carl Grundstrom.
14:11 of 1st period - Mikhail Maltsev wins face-off versus Patrick Kane in Jets zone.
14:43 of 1st period - Blake Wheeler is hit by Travis Dermott and loses puck.
14:49 of 1st period - Icing by William Nylander.
14:50 of 1st period - William Karlsson wins face-off versus Jonathan Drouin in Jets zone.
14:52 of 1st period - Ryan Hartman is hit by Travis Dermott and loses puck.
14:55 of 1st period - Shot by Brandon Tanev.
14:55 of 1st period - Deflect By Ryan Hartman.
14:55 of 1st period - Shot Misses the Net.
16:15 of 1st period - Shot by Jack Eichel.
16:15 of 1st period - Stopped by Ilya Sorokin without a rebound.
16:16 of 1st period - Logan Brown wins face-off versus Boone Jenner in Flyers zone.
16:29 of 1st period - Shot by Artemi Panarin.
16:29 of 1st period - Stopped by Joseph Woll without a rebound.
16:30 of 1st period - Mikhail Maltsev wins face-off versus Blake Wheeler in Jets zone.
16:42 of 1st period - Matt Dumba is hit by Blake Wheeler and loses puck.
17:40 of 1st period - Icing by Radko Gudas.
17:41 of 1st period - Boone Jenner wins face-off versus Logan Brown in Flyers zone.
17:41 of 1st period - Boone Jenner is hit by Liam O'Brien.
17:42 of 1st period - Minor Penalty to Liam O'Brien for High sticking.
17:43 of 1st period - Boone Jenner wins face-off versus Logan Brown in Jets zone.
17:46 of 1st period - Shot by Artemi Panarin.
17:46 of 1st period - Shot Hit the Post.
17:56 of 1st period - Logan Brown is hit by Boone Jenner and loses puck.
18:00 of 1st period - Travis Dermott is hit by Boone Jenner and loses puck.
18:28 of 1st period - Icing by Travis Sanheim.
18:29 of 1st period - Blake Wheeler wins face-off versus Logan Brown in Flyers zone.
18:40 of 1st period - Shot by Travis Sanheim.
18:40 of 1st period - Stopped by Joseph Woll without a rebound.
18:41 of 1st period - Logan Brown wins face-off versus Blake Wheeler in Jets zone.
18:41 of 1st period - Logan Brown is hit by Blake Wheeler.
18:46 of 1st period - Minor Penalty to Garnet Hathaway for Tripping.
18:47 of 1st period - Patrick Kane wins face-off versus Carl Grundstrom in Jets zone.
19:00 of 1st period - Matt Dumba is hit by Patrick Kane and loses puck.
19:41 of 1st period - Shot by Alex Killorn.
19:41 of 1st period - Stopped by Joseph Woll with a rebound.
19:43 of 1st period - Shot by Boone Jenner.
19:43 of 1st period - Shot Misses the Net.
19:45 of 1st period - Shot by Moritz Seider.
19:45 of 1st period - Shot Misses the Net.
Goals for this period are 1 for Jets vs 0 for Flyers.
Shots for this period are 7 for Jets vs 8 for Flyers.

2nd period


0:01 of 2nd period - Boone Jenner wins face-off versus Logan Brown in neutral zone.
0:12 of 2nd period - Shot by Boone Jenner.
0:12 of 2nd period - Shot Misses the Net.
0:14 of 2nd period - Shot by Alex Killorn.
0:14 of 2nd period - Shot Misses the Net.
0:16 of 2nd period - Shot by Artemi Panarin.
0:16 of 2nd period - Stopped by Joseph Woll with a rebound.
0:18 of 2nd period - Shot by Alex Killorn.
0:18 of 2nd period - Stopped by Joseph Woll without a rebound.
0:19 of 2nd period - Blake Wheeler wins face-off versus Logan Brown in Jets zone.
0:24 of 2nd period - Shot by Zachary Werenski.
0:24 of 2nd period - Shot Blocked by Travis Dermott.
0:26 of 2nd period - Shot by Travis Sanheim.
0:26 of 2nd period - Deflect By Patrick Kane.
0:26 of 2nd period - Stopped by Joseph Woll without a rebound.
0:27 of 2nd period - Logan Brown wins face-off versus Boone Jenner in Jets zone.
0:44 of 2nd period - Carl Grundstrom is hit by Artemi Panarin and loses puck.
1:03 of 2nd period - Shot by William Karlsson.
1:03 of 2nd period - Stopped by Joseph Woll without a rebound.
1:04 of 2nd period - Jonathan Drouin wins face-off versus David Krejci in Jets zone.
1:04 of 2nd period - Jonathan Drouin is hit by Morgan Frost.
1:21 of 2nd period - Icing by Moritz Seider.
1:22 of 2nd period - David Krejci wins face-off versus Jack Eichel in Flyers zone.
1:27 of 2nd period - TJ Brodie is hit by Morgan Frost and loses puck.
2:02 of 2nd period - Shot by Jack Eichel.
2:02 of 2nd period - Goal by Jack Eichel - Jets : 2 - Flyers : 0.
2:03 of 2nd period - Boone Jenner wins face-off versus Logan Brown in neutral zone.
2:08 of 2nd period - Shot by Alex Killorn.
2:08 of 2nd period - Shot Misses the Net.
2:16 of 2nd period - Shot by Patric Hornqvist.
2:16 of 2nd period - Stopped by Ilya Sorokin with a rebound.
2:52 of 2nd period - Icing by Johnathan Kovacevic.
2:53 of 2nd period - Boone Jenner wins face-off versus Mikhail Maltsev in Flyers zone.
2:53 of 2nd period - Boone Jenner is hit by Mikhail Maltsev.
3:17 of 2nd period - Shot by Mikhail Maltsev.
3:17 of 2nd period - Deflect By Mitchell Marner.
3:17 of 2nd period - Stopped by Ilya Sorokin with a rebound.
3:19 of 2nd period - Shot by Mitchell Marner.
3:19 of 2nd period - Deflect By Mikhail Maltsev.
3:19 of 2nd period - Shot Misses the Net.
3:21 of 2nd period - Shot by Carl Grundstrom.
3:21 of 2nd period - Stopped by Ilya Sorokin without a rebound.
3:22 of 2nd period - Blake Wheeler wins face-off versus Jonathan Drouin in Flyers zone.
3:47 of 2nd period - Trevor Moore is hit by Garnet Hathaway.
4:24 of 2nd period - Shot by William Karlsson.
4:24 of 2nd period - Stopped by Joseph Woll without a rebound.
4:25 of 2nd period - Logan Brown wins face-off versus David Krejci in Jets zone.
4:29 of 2nd period - Icing by Patric Hornqvist.
4:30 of 2nd period - William Karlsson wins face-off versus Logan Brown in Jets zone.
4:39 of 2nd period - Shot by Moritz Seider.
4:39 of 2nd period - Shot Hit the Post.
4:48 of 2nd period - William Karlsson is hit by Arber Xhekaj.
5:34 of 2nd period - Shot by David Krejci.
5:34 of 2nd period - Goal by David Krejci - Jets : 2 - Flyers : 1.
5:35 of 2nd period - Boone Jenner wins face-off versus Jack Eichel in neutral zone.
5:50 of 2nd period - Shot by Artemi Panarin.
5:50 of 2nd period - Stopped by Joseph Woll without a rebound.
5:51 of 2nd period - Blake Wheeler wins face-off versus Jonathan Drouin in Jets zone.
6:02 of 2nd period - Shot by Jonathan Drouin.
6:02 of 2nd period - Shot Misses the Net.
6:04 of 2nd period - Shot by Travis Dermott.
6:04 of 2nd period - Shot Misses the Net.
6:06 of 2nd period - Shot by Garnet Hathaway.
6:06 of 2nd period - Stopped by Ilya Sorokin without a rebound.
6:07 of 2nd period - David Krejci wins face-off versus Jack Eichel in Flyers zone.
6:17 of 2nd period - Minor Penalty to Radko Gudas for Hooking.
6:18 of 2nd period - Jack Eichel wins face-off versus Blake Wheeler in Flyers zone.
6:19 of 2nd period - Shot by William Nylander.
6:19 of 2nd period - Stopped by Ilya Sorokin without a rebound.
6:20 of 2nd period - Jack Eichel wins face-off versus Blake Wheeler in Flyers zone.
7:08 of 2nd period - Icing by Mitchell Marner.
7:09 of 2nd period - Jack Eichel wins face-off versus Alex Killorn in Jets zone.
7:23 of 2nd period - Moritz Seider is hit by Jack Eichel and loses puck.
8:24 of 2nd period - William Karlsson is hit by Arber Xhekaj and loses puck.
8:41 of 2nd period - Shot by Brandon Tanev.
8:41 of 2nd period - Shot Misses the Net.
8:46 of 2nd period - Icing by Liam O'Brien.
8:47 of 2nd period - David Krejci wins face-off versus Logan Brown in Jets zone.
8:47 of 2nd period - Minor Penalty to Arber Xhekaj for Roughing.
8:48 of 2nd period - Boone Jenner wins face-off versus Logan Brown in Jets zone.
9:19 of 2nd period - Shot by Boone Jenner.
9:19 of 2nd period - Shot Blocked by TJ Brodie.
9:21 of 2nd period - Shot by Radko Gudas.
9:21 of 2nd period - Shot Blocked by Matt Dumba.
9:39 of 2nd period - Shot by Travis Sanheim.
9:39 of 2nd period - Shot Blocked by Travis Dermott.
10:52 of 2nd period - David Krejci is hit by Liam O'Brien and loses puck.
11:18 of 2nd period - Philip Broberg is hit by Robert Hagg and loses puck.
11:45 of 2nd period - Shot by Yegor Chinakhov.
11:45 of 2nd period - Shot Misses the Net.
11:47 of 2nd period - Shot by Jake Bean.
11:47 of 2nd period - Stopped by Ilya Sorokin without a rebound.
11:48 of 2nd period - William Karlsson wins face-off versus Mitchell Marner in Flyers zone.
12:19 of 2nd period - Shot by Mikhail Maltsev.
12:19 of 2nd period - Stopped by Ilya Sorokin without a rebound.
12:20 of 2nd period - Boone Jenner wins face-off versus William Nylander in Flyers zone.
13:18 of 2nd period - Icing by Yegor Chinakhov.
13:19 of 2nd period - Blake Wheeler wins face-off versus Jack Eichel in Jets zone.
14:05 of 2nd period - Icing by Jake Bean.
14:06 of 2nd period - Jack Eichel wins face-off versus William Karlsson in Jets zone.
14:19 of 2nd period - Shot by Zachary Werenski.
14:19 of 2nd period - Stopped by Joseph Woll without a rebound.
14:20 of 2nd period - Mikhail Maltsev wins face-off versus Boone Jenner in Jets zone.
14:20 of 2nd period - Mikhail Maltsev is hit by Boone Jenner.
16:38 of 2nd period - Icing by Garnet Hathaway.
16:39 of 2nd period - David Krejci wins face-off versus Jonathan Drouin in Jets zone.
16:55 of 2nd period - Anthony Duclair is hit by Arber Xhekaj and loses puck.
17:13 of 2nd period - Morgan Frost is hit by Garnet Hathaway and loses puck.
17:43 of 2nd period - Shot by William Karlsson.
17:43 of 2nd period - Shot Blocked by Travis Dermott.
17:51 of 2nd period - Shot by William Karlsson.
17:51 of 2nd period - Stopped by Joseph Woll without a rebound.
17:52 of 2nd period - Boone Jenner wins face-off versus Jack Eichel in Jets zone.
17:57 of 2nd period - Shot by Artemi Panarin.
17:57 of 2nd period - Shot Blocked by Travis Dermott.
18:46 of 2nd period - Shot by Patric Hornqvist.
18:46 of 2nd period - Shot Misses the Net.
18:52 of 2nd period - Shot by Liam O'Brien.
18:52 of 2nd period - Shot Misses the Net.
19:15 of 2nd period - Icing by TJ Brodie.
19:16 of 2nd period - Jonathan Drouin wins face-off versus William Karlsson in Jets zone.
19:48 of 2nd period - Icing by Matt Dumba.
19:49 of 2nd period - David Krejci wins face-off versus Jonathan Drouin in Jets zone.
19:50 of 2nd period - Shot by Anthony Duclair.
19:50 of 2nd period - Stopped by Joseph Woll without a rebound.
19:51 of 2nd period - Anthony Duclair wins face-off versus Logan Brown in Jets zone.
19:52 of 2nd period - Shot by Morgan Frost.
19:52 of 2nd period - Stopped by Joseph Woll without a rebound.
19:53 of 2nd period - Logan Brown wins face-off versus David Krejci in Jets zone.
19:53 of 2nd period - Logan Brown is hit by Anthony Duclair.
19:59 of 2nd period - Jake Bean is hit by Anthony Duclair and loses puck.
Goals for this period are 1 for Jets vs 1 for Flyers.
Shots for this period are 8 for Jets vs 11 for Flyers.

3rd period


0:01 of 3rd period - William Karlsson wins face-off versus Logan Brown in neutral zone.
0:13 of 3rd period - Ryan Hartman is hit by Matt Dumba and loses puck.
0:19 of 3rd period - Minor Penalty to Matt Dumba for Goalie Interference.
0:20 of 3rd period - Boone Jenner wins face-off versus Logan Brown in Jets zone.
0:27 of 3rd period - Shot by Alex Killorn.
0:27 of 3rd period - Deflect By Artemi Panarin.
0:27 of 3rd period - Shot Misses the Net.
0:29 of 3rd period - Shot by Travis Sanheim.
0:29 of 3rd period - Shot Blocked by Travis Dermott.
0:31 of 3rd period - Shot by Boone Jenner.
0:31 of 3rd period - Deflect By Alex Killorn.
0:31 of 3rd period - Shot Blocked by Travis Dermott.
0:41 of 3rd period - Shot by Boone Jenner.
0:41 of 3rd period - Shot Blocked by Travis Dermott.
0:55 of 3rd period - Shot by Boone Jenner.
0:55 of 3rd period - Stopped by Joseph Woll without a rebound.
0:56 of 3rd period - Blake Wheeler wins face-off versus Aleksi Heponiemi in Jets zone.
1:25 of 3rd period - Shot by Patrick Kane.
1:25 of 3rd period - Shot Misses the Net.
1:27 of 3rd period - Shot by Blake Wheeler.
1:27 of 3rd period - Stopped by Joseph Woll with a rebound.
1:29 of 3rd period - Shot by Moritz Seider.
1:29 of 3rd period - Shot Misses the Net.
1:55 of 3rd period - Shot by Travis Sanheim.
1:55 of 3rd period - Stopped by Joseph Woll without a rebound.
1:56 of 3rd period - Boone Jenner wins face-off versus Aleksi Heponiemi in Jets zone.
1:56 of 3rd period - Boone Jenner is hit by Travis Dermott.
2:26 of 3rd period - Shot by Johnathan Kovacevic.
2:26 of 3rd period - Shot Misses the Net.
2:38 of 3rd period - Shot by Jack Eichel.
2:38 of 3rd period - Stopped by Ilya Sorokin without a rebound.
2:39 of 3rd period - William Karlsson wins face-off versus Jonathan Drouin in Flyers zone.
2:55 of 3rd period - Shot by Ryan Hartman.
2:55 of 3rd period - Stopped by Joseph Woll without a rebound.
2:56 of 3rd period - Mikhail Maltsev wins face-off versus Blake Wheeler in Jets zone.
3:21 of 3rd period - Icing by Travis Sanheim.
3:22 of 3rd period - Jack Eichel wins face-off versus Blake Wheeler in Flyers zone.
3:35 of 3rd period - Shot by Yegor Chinakhov.
3:35 of 3rd period - Shot Misses the Net.
3:45 of 3rd period - Shot by Trevor Moore.
3:45 of 3rd period - Shot Misses the Net.
5:04 of 3rd period - Shot by Ryan Hartman.
5:04 of 3rd period - Shot Misses the Net.
5:15 of 3rd period - Icing by Matt Dumba.
5:16 of 3rd period - Boone Jenner wins face-off versus Liam O'Brien in Jets zone.
5:25 of 3rd period - Patric Hornqvist is hit by Boone Jenner and loses puck.
5:52 of 3rd period - Icing by Artemi Panarin.
5:53 of 3rd period - Jonathan Drouin wins face-off versus Boone Jenner in Flyers zone.
6:00 of 3rd period - Shot by William Nylander.
6:00 of 3rd period - Shot Misses the Net.
6:56 of 3rd period - William Karlsson is hit by Mitchell Marner and loses puck.
7:32 of 3rd period - Moritz Seider is hit by Mitchell Marner and loses puck.
7:44 of 3rd period - Icing by Blake Wheeler.
7:45 of 3rd period - Jack Eichel wins face-off versus Blake Wheeler in Flyers zone.
8:21 of 3rd period - Icing by Anthony Duclair.
8:22 of 3rd period - Jonathan Drouin wins face-off versus David Krejci in Flyers zone.
9:00 of 3rd period - Shot by Jonathan Drouin.
9:00 of 3rd period - Stopped by Ilya Sorokin without a rebound.
9:01 of 3rd period - William Karlsson wins face-off versus Patric Hornqvist in Flyers zone.
9:20 of 3rd period - Shot by Liam O'Brien.
9:20 of 3rd period - Stopped by Ilya Sorokin without a rebound.
9:21 of 3rd period - Blake Wheeler wins face-off versus Mikhail Maltsev in Flyers zone.
9:49 of 3rd period - Shot by Mitchell Marner.
9:49 of 3rd period - Stopped by Ilya Sorokin without a rebound.
9:50 of 3rd period - William Karlsson wins face-off versus Jonathan Drouin in Flyers zone.
9:57 of 3rd period - Shot by Ryan Hartman.
9:57 of 3rd period - Shot Blocked by TJ Brodie.
10:08 of 3rd period - Icing by TJ Brodie.
10:09 of 3rd period - Boone Jenner wins face-off versus Jonathan Drouin in Jets zone.
10:14 of 3rd period - Shot by Alex Killorn.
10:14 of 3rd period - Shot Blocked by Matt Dumba.
10:16 of 3rd period - Shot by Alex Killorn.
10:16 of 3rd period - Shot Misses the Net.
10:18 of 3rd period - Shot by Zachary Werenski.
10:18 of 3rd period - Shot Hit the Post.
10:20 of 3rd period - Shot by Zachary Werenski.
10:20 of 3rd period - Stopped by Joseph Woll with a rebound.
10:22 of 3rd period - Shot by Boone Jenner.
10:22 of 3rd period - Stopped by Joseph Woll without a rebound.
10:23 of 3rd period - David Krejci wins face-off versus Logan Brown in Jets zone.
10:46 of 3rd period - Icing by Travis Dermott.
10:47 of 3rd period - William Karlsson wins face-off versus Logan Brown in Jets zone.
12:47 of 3rd period - Minor Penalty to Carl Grundstrom for Holding.
12:48 of 3rd period - Logan Brown wins face-off versus Blake Wheeler in Jets zone.
13:29 of 3rd period - Shot by Artemi Panarin.
13:29 of 3rd period - Stopped by Joseph Woll with a rebound.
13:31 of 3rd period - Shot by Boone Jenner.
13:31 of 3rd period - Shot Blocked by Jake Bean.
13:33 of 3rd period - Shot by Boone Jenner.
13:33 of 3rd period - Shot Misses the Net.
13:35 of 3rd period - Shot by Radko Gudas.
13:35 of 3rd period - Shot Blocked by Travis Dermott.
13:37 of 3rd period - Shot by Radko Gudas.
13:37 of 3rd period - Shot Misses the Net.
13:39 of 3rd period - Shot by Artemi Panarin.
13:39 of 3rd period - Stopped by Joseph Woll without a rebound.
13:40 of 3rd period - Boone Jenner wins face-off versus Jonathan Drouin in Jets zone.
14:22 of 3rd period - Shot by Zachary Werenski.
14:22 of 3rd period - Shot Misses the Net.
14:40 of 3rd period - Shot by Patrick Kane.
14:40 of 3rd period - Stopped by Joseph Woll without a rebound.
14:40 of 3rd period - Minor Penalty to Joseph Woll for Delaying the game.
14:41 of 3rd period - Mikhail Maltsev wins face-off versus Boone Jenner in Jets zone.
14:55 of 3rd period - Off-side.
14:56 of 3rd period - Jack Eichel wins face-off versus Blake Wheeler in neutral zone.
15:07 of 3rd period - Shot by Travis Sanheim.
15:07 of 3rd period - Deflect By Blake Wheeler.
15:07 of 3rd period - Stopped by Joseph Woll without a rebound.
15:08 of 3rd period - Mikhail Maltsev wins face-off versus Boone Jenner in Jets zone.
15:33 of 3rd period - Shot by Alex Killorn.
15:33 of 3rd period - Goal by Alex Killorn - Jets : 2 - Flyers : 2.
15:34 of 3rd period - Jonathan Drouin wins face-off versus David Krejci in neutral zone.
15:34 of 3rd period - William Nylander is hit by Anthony Duclair.
15:41 of 3rd period - William Nylander is hit by Robert Hagg.
15:53 of 3rd period - Shot by Garnet Hathaway.
15:53 of 3rd period - Stopped by Ilya Sorokin without a rebound.
15:54 of 3rd period - Logan Brown wins face-off versus Blake Wheeler in Flyers zone.
15:54 of 3rd period - Liam O'Brien is hit by Travis Sanheim and loses puck.
15:59 of 3rd period - Shot by TJ Brodie.
15:59 of 3rd period - Shot Misses the Net.
16:01 of 3rd period - Shot by TJ Brodie.
16:01 of 3rd period - Stopped by Ilya Sorokin with a rebound.
16:03 of 3rd period - Shot by TJ Brodie.
16:03 of 3rd period - Stopped by Ilya Sorokin with a rebound.
16:10 of 3rd period - Patrick Kane is hit by Liam O'Brien and loses puck.
16:19 of 3rd period - Shot by Patric Hornqvist.
16:19 of 3rd period - Stopped by Ilya Sorokin without a rebound.
16:20 of 3rd period - Jonathan Drouin wins face-off versus David Krejci in Flyers zone.
16:34 of 3rd period - Icing by Robert Hagg.
16:35 of 3rd period - Mikhail Maltsev wins face-off versus David Krejci in Flyers zone.
16:35 of 3rd period - Mitchell Marner is hit by Robert Hagg and loses puck.
16:42 of 3rd period - Shot by Mitchell Marner.
16:42 of 3rd period - Shot Misses the Net.
16:47 of 3rd period - Mitchell Marner is hit by Robert Hagg and loses puck.
17:06 of 3rd period - Shot by Mitchell Marner.
17:06 of 3rd period - Stopped by Ilya Sorokin without a rebound.
17:07 of 3rd period - William Karlsson wins face-off versus Jonathan Drouin in Flyers zone.
17:11 of 3rd period - Off-side.
17:12 of 3rd period - William Karlsson wins face-off versus Jonathan Drouin in neutral zone.
17:25 of 3rd period - Shot by Ryan Hartman.
17:25 of 3rd period - Deflect By William Karlsson.
17:25 of 3rd period - Shot Blocked by Arber Xhekaj.
17:27 of 3rd period - Shot by Moritz Seider.
17:27 of 3rd period - Goal by Moritz Seider - Jets : 2 - Flyers : 3.
17:28 of 3rd period - Logan Brown wins face-off versus Blake Wheeler in neutral zone.
17:48 of 3rd period - Icing by TJ Brodie.
17:49 of 3rd period - William Karlsson wins face-off versus Logan Brown in Jets zone.
18:21 of 3rd period - Icing by Radko Gudas.
18:22 of 3rd period - William Karlsson wins face-off versus Jack Eichel in Flyers zone.
18:22 of 3rd period - William Karlsson is hit by Jack Eichel.
18:30 of 3rd period - Shot by Jack Eichel.
18:30 of 3rd period - Stopped by Ilya Sorokin without a rebound.
18:31 of 3rd period - David Krejci wins face-off versus Jonathan Drouin in Flyers zone.
18:38 of 3rd period - Shot by William Nylander.
18:38 of 3rd period - Shot Misses the Net.
18:40 of 3rd period - Shot by Garnet Hathaway.
18:40 of 3rd period - Shot Blocked by Robert Hagg.
18:46 of 3rd period - Shot by Garnet Hathaway.
18:46 of 3rd period - Deflect By William Nylander.
18:46 of 3rd period - Shot Misses the Net.
18:48 of 3rd period - Shot by Garnet Hathaway.
18:48 of 3rd period - Shot Misses the Net.
19:00 of 3rd period - Jets, Joseph Woll is pulled from the net.
19:42 of 3rd period - Shot by Boone Jenner.
19:42 of 3rd period - Shot Misses the Net.
19:44 of 3rd period - Shot by Alex Killorn.
19:44 of 3rd period - Goal by Alex Killorn - Jets : 2 - Flyers : 4.
19:44 of 3rd period - Joseph Woll from Jets was sent back in the game.
19:45 of 3rd period - William Karlsson wins face-off versus Mikhail Maltsev in neutral zone.
19:52 of 3rd period - Shot by Ryan Hartman.
19:52 of 3rd period - Shot Misses the Net.
19:58 of 3rd period - Shot by Ryan Hartman.
19:58 of 3rd period - Shot Misses the Net.
Goals for this period are 0 for Jets vs 3 for Flyers.
Shots for this period are 10 for Jets vs 13 for Flyers.